 Dungeon Crawl Stone Soup version 0.19.0-19-g8c6edcc (webtiles) character file.

4893 Remedyn the Cleaver (level 10, -6/79 HPs)
             Began as a Formicid Fighter on Nov 16, 2016.
             Killed from afar by Josephine (9 damage)
             ... with a ghostly fireball
             ... on level 10 of the Dungeon.
             The game lasted 00:28:03 (8180 turns).

Remedyn the Cleaver (Formicid Fighter)              Turns: 8180, Time: 00:28:03

Health: -6/79      AC: 14    Str: 24      XL:     10   Next: 80%
Magic:  10/10      EV:  7    Int:  7 (8)  God:    Xom [....*.]
Gold:   515        SH: 12    Dex: 12      Spells: 0 memorised, 9 levels left

rFire  + . .     SeeInvis +     a - +1 war axe
rCold  + . .     Gourm    .     o - +0 chain mail
rNeg   . . .     Faith    .     c - +1 shield
rPois  .         Spirit   .     (helmet unavailable)
rElec  .         Reflect  .     (no cloak)
rCorr  .         Harm     .     (no gloves)
MR     +....     Clarity  +     (no boots)
Stlth  ..........               (no amulet)
                                s - ring of fire
                                e - ring of protection from cold

@: heavily drained
A: permanent stasis, dig shafts and tunnels, four strong arms, antennae 3,
talons 1, icy blue scales 2, slimy green scales 1, camouflage 1, agile 1,
clarity, cold resistance 1, deterioration 2
a: Dig, Shaft Self, Renounce Religion


You were on level 10 of the Dungeon.
You worshipped Xom.
You were a beloved toy of Xom.
You were not hungry.

You visited 2 branches of the dungeon, and saw 11 of its levels.
You also visited: Sewer.

You collected 515 gold pieces.

Inventory:

Hand Weapons
 a - a +1 war axe (weapon)
 t - a +2 hand axe of freezing
 y - the +2 quarterstaff "Xanec Xyq" {chaos, rN++ Str+2, unknown}
   (Xom gifted it to you on level 4 of the Dungeon)

   Each time it hits an enemy it has a different, random effect.
   It affects your strength (+2).
   It greatly protects you from negative energy.
Missiles
 k - 225 stones (quivered)
Armour
 c - a +1 shield (worn)
 o - a +0 chain mail (worn)
Jewellery
 e - a ring of protection from cold (left hand)
 r - an uncursed ring of positive energy {unknown}
 s - a ring of fire (right hand)
 w - a cursed ring of loudness {unknown}
 B - a cursed ring of loudness {unknown}
 G - a cursed ring of teleportation {unknown}
 T - a cursed amulet of inaccuracy {unknown}
Wands
 b - a wand of flame (18/48)
 A - a wand of random effects (13/48)
 C - a wand of teleportation (5/9)
 J - a wand of lightning (10/15)
 M - a wand of hasting (5/9)
 N - a wand of acid (7/15)
 Q - a wand of paralysis (7/24)
 R - a wand of iceblast (3/15)
Scrolls
 h - 4 scrolls of teleportation
 i - 2 scrolls of remove curse
 m - 3 scrolls of identify
 n - 2 scrolls of blinking
 z - 3 scrolls of enchant armour
 I - a scroll of recharging
 K - a scroll of enchant weapon
Potions
 d - 2 potions of might
 j - 2 potions of degeneration
 l - 2 potions of invisibility
 p - 2 potions of magic
 q - 3 potions of heal wounds
 v - 4 potions of curing
 F - a potion of mutation
 L - a potion of cancellation
 O - a potion of haste
 U - a potion of agility
Books
 u - a book of Misfortune

   Spells                             Type                      Level
   a - Confusing Touch                Hexes                        1
   b - Confuse                        Hexes                        3
   c - Gell's Gravitas                Hexes/Translocation          3
   d - Petrify                        Transmutation/Earth          4
   e - Metabolic Englaciation         Hexes/Ice                    5
   f - Yara's Violent Unravelling     Hexes/Transmutation          5
 S - a Grand Grimoire

   Spells                             Type                      Level
   a - Monstrous Menagerie            Summoning                    7
   b - Summon Greater Demon           Summoning                    7
   c - Malign Gateway                 Summoning/Translocation      7
   d - Summon Horrible Things         Summoning                    8
Miscellaneous
 H - a lamp of fire
 P - a phantom mirror
Comestibles
 f - 3 bread rations
 g - 7 meat rations
 x - 3 slices of pizza
 D - 5 fruits
 E - 2 beef jerkies


   Skills:
 + Level 7.1(4.8) Fighting
 + Level 10.2(7.7) Axes
 + Level 6.4(4.1) Armour
 + Level 3.4(1.3) Dodging
 + Level 3.9(1.8) Stealth
 + Level 8.6(6.3) Shields
 + Level 1.0(0.0) Unarmed Combat


You had 9 spell levels left.
You didn't know any spells.

Dungeon Overview and Level Annotations

Branches:
Dungeon (10/15)            Temple (1/1) D:4            Lair (0/6) D:9
    Orc: D:9-12

Altars:
Ashenzari
Cheibriados
Dithmenos
Elyvilon
Fedhas
Gozag
Hepliaklqana
Kikubaaqudgha
Makhleb
Nemelex Xobeh
Okawaru
Qazlal
Ru
Sif Muna
Trog
Uskayaw
Vehumet
Xom
Yredelemnul
Zin
The Shining One

Shops:
D:5 *   D:6 :

Annotations:
D:10 Josephine, Snorg


Innate Abilities, Weirdness & Mutations

You are under a permanent stasis effect.
You can dig through walls and to a lower floor.
Your four strong arms can wield two-handed weapons with a shield.
You have a pair of large antennae on your head. (SInv)
You have sharp toenails.
You are mostly covered in icy blue scales. (AC +3)
You are partially covered in slimy green scales. (AC +2)
Your skin changes colour to match your surroundings (Stealth+).
You are agile. (Dex +2)
You possess an exceptional clarity of mind.
Your flesh is cold resistant. (rC+)
Your body often deteriorates upon taking damage.


Message History

Your magical contamination has completely faded away.
Josephine points at you and mumbles some strange words.
The ghostly flame explodes!
The ghostly fireball engulfs you!
You feel drained.
* * * LOW HITPOINT WARNING * * *
Your body deteriorates!
You feel dopey.
The ghostly fireball engulfs the wraith.
The wraith completely resists.
You block the wraith's attack.
You see here a long sword.
Josephine casts a spell at you.
The ghostly flame explodes!
The ghostly fireball engulfs the wraith.
The wraith completely resists.
The ghostly fireball engulfs the wraith.
The wraith completely resists.
The ghostly fireball engulfs the wraith.
The wraith completely resists.
The ghostly fireball engulfs you!
You feel drained.
You die...
Xom roars with laughter!

###########
.....c)...###
#.W......#######.##
#...####............#
## #.#.....(..... ##
#..@W...##...
#>..#..c.##...#
#$.......)W..##
#........WW@)#
#####.#####..# #.#
....# ### ######


You could see Josephine, Snorg the yaktaur shaped shifter and 3 wraiths.

Vanquished Creatures
  Erica (D:10)
  Joseph (D:9)
  A hippogriff (D:8)
  A wraith (D:9)
  Duvessa (D:7)
  An ice beast (D:4)
  2 phantoms
  An eye of draining (D:9)
  3 sky beasts
  5 ogres
  5 centaurs
  A crocodile (D:9)
  2 big kobolds (D:9)
  A wyvern zombie (D:7)
  3 bullfrogs
  4 scorpions
  A wyvern skeleton (D:9)
  Dowan (D:7)
  4 howler monkeys
  3 jellies
  5 crimson imps
  A bullfrog zombie (D:8)
  2 hounds
  4 orc priests
  7 orc wizards
  An iguana (D:5)
  5 worker ants
  3 hound skeletons
  A howler monkey zombie (D:6)
  2 worker ant zombies
  11 adders
  2 river rats
  An ooze (D:2)
  An adder zombie (D:6)
  An adder skeleton (D:4)
  2 worms (D:4)
  2 leopard geckos
  26 orcs
  6 giant cockroaches
  3 hobgoblins
  13 jackals
  6 quokkas
  3 ball pythons
  8 bats
  7 frilled lizards
  2 goblins (D:3)
  21 kobolds
  2 leopard gecko skeletons
  A quokka zombie (D:5)
  17 rats
  A fungus (D:9)
209 creatures vanquished.

Vanquished Creatures (collateral kills)
  A hound (D:9)
1 creature vanquished.

Vanquished Creatures (others)
  A dancing weapon (D:10)
  5 dream sheep (D:4)
  An iguana (D:4)
  6 fungi (D:9)
13 creatures vanquished.

Grand Total: 223 creatures vanquished

Notes
Turn   | Place    | Note
-------+----------+-------------------------------------------
     0 | D:1      | Remedyn the Formicid Fighter began the quest for the Orb.
     0 | D:1      | Reached XP level 1. HP: 18/18 MP: 1/1
   329 | D:1      | Reached XP level 2. HP: 24/24 MP: 2/2
   718 | D:2      | Reached XP level 3. HP: 29/29 MP: 3/3
  1241 | D:2      | Found an opulent altar of Gozag.
  1410 | D:3      | Reached XP level 4. HP: 35/35 MP: 4/4
  1482 | D:3      | Noticed a sky beast
  1501 | D:3      | Killed a sky beast
  1501 | D:3      | Reached skill level 3 in Axes
  1501 | D:3      | Reached skill level 1 in Dodging
  1501 | D:3      | Reached skill level 5 in Shields
  1501 | D:3      | Reached XP level 5. HP: 37/42 MP: 5/5
  2140 | D:4      | Found a staircase to the Ecumenical Temple.
  2144 | Temple   | Entered the Ecumenical Temple
  2195 | Temple   | Became a worshipper of Xom the Capricious
  2342 | D:4      | Found a shimmering altar of Xom.
  2342 | D:4      | Noticed a dream sheep
  2342 | D:4      | Noticed a dream sheep
  2342 | D:4      | Noticed a dream sheep
  2342 | D:4      | Noticed a dream sheep
  2342 | D:4      | Noticed a dream sheep
  2346 | D:4      | Killed a dream sheep
  2347 | D:4      | Killed a dream sheep
  2347 | D:4      | Killed a dream sheep
  2348 | D:4      | Killed a dream sheep
  2349 | D:4      | Killed a dream sheep
  2401 | D:4      | XOM: harmless Erth miscast
  2450 | D:4      | Found a radiant altar of Vehumet.
  2612 | D:4      | XOM: give mutations
  2612 | D:4      | Gained mutation: You are partially covered in icy blue scales. (AC +2) [Xom's grace]
  2612 | D:4      | Gained mutation: You passively map a small area around you. [Xom's grace]
  2612 | D:4      | Gained mutation: You have sharp toenails. [Xom's grace]
  2612 | D:4      | Gained mutation: You possess an exceptional clarity of mind. [Xom's grace]
  2626 | D:4      | Reached XP level 6. HP: 48/48 MP: 6/6
  2696 | D:4      | Found a glowing drain.
  2700 | Sewer    | Entered a sewer
  2714 | Sewer    | Reached skill level 4 in Axes
  3015 | Sewer    | XOM: give mutations
  3015 | Sewer    | Gained mutation: You are dopey. (Int -2) [Xom's mischief]
  3015 | Sewer    | Gained mutation: You are clumsy. (Dex -2) [Xom's mischief]
  3015 | Sewer    | Lost mutation: You passively map a small area around you. [Xom's mischief]
  3248 | D:4      | XOM: cloud trail
  3467 | D:4      | XOM: god gift: faintly glowing quarterstaff {god gift}
  3468 | D:4      | Got a faintly glowing quarterstaff {god gift}
  3470 | D:4      | Noticed an ogre
  3478 | D:4      | Killed an ogre
  3478 | D:4      | Reached skill level 1 in Stealth
  3569 | D:4      | XOM: give mutations
  3569 | D:4      | Gained mutation: Your flesh is cold resistant. (rC+) [Xom's grace]
  3569 | D:4      | Gained mutation: You are partially covered in slimy green scales. (AC +2) [Xom's grace]
  3569 | D:4      | Lost mutation: You are clumsy. (Dex -2) [Xom's grace]
  3569 | D:4      | Gained mutation: You are robust. (+10% HP) [Xom's grace]
  3575 | D:4      | Noticed an ice beast
  3577 | D:4      | XOM: god gift: scroll of enchant armour
  3586 | D:4      | Killed an ice beast
  3586 | D:4      | Reached XP level 7. HP: 46/59 MP: 7/7
  3633 | D:4      | Reached skill level 5 in Axes
  3665 | D:5      | Entered Level 5 of the Dungeon
  3671 | D:5      | XOM: potion effect (brilliance)
  3673 | D:5      | XOM: potion effect (brilliance)
  3836 | D:5      | XOM: harmless Conj miscast
  3845 | D:5      | XOM: potion effect (brilliance)
  3874 | D:5      | XOM: harmless Hex miscast
  3891 | D:5      | XOM: cloud trail
  3939 | D:5      | XOM is BORED!
  3939 | D:5      | XOM: noise
  3982 | D:5      | Reached XP level 8. HP: 44/67 MP: 8/8
  4139 | D:5      | Reached skill level 5 in Fighting
  4150 | D:5      | Found Ceothruc's Commerce Corner.
  4231 | D:5      | Reached skill level 6 in Axes
  4334 | D:5      | XOM: divination: detect items
  4342 | D:5      | XOM: mild Necr miscast
  4412 | D:5      | XOM is BORED!
  4837 | D:6      | Found a basalt altar of Yredelemnul.
  5011 | D:6      | XOM: give mutations
  5011 | D:6      | Gained mutation: Your skin changes colour to match your surroundings (Stealth+). [Xom's grace]
  5011 | D:6      | Lost mutation: You are dopey. (Int -2) [Xom's grace]
  5011 | D:6      | Gained mutation: You are mostly covered in icy blue scales. (AC +3) [Xom's grace]
  5011 | D:6      | Gained mutation: You are agile. (Dex +2) [Xom's grace]
  5063 | D:6      | Found Soifu's Book Shoppe.
  5224 | D:6      | XOM: draining
  5297 | D:6      | Found a burning altar of Makhleb.
  5299 | D:6      | Reached skill level 7 in Axes
  5676 | D:7      | XOM: summons 2 friendly demons
  5684 | D:7      | Reached XP level 9. HP: 51/75 MP: 9/9
  5694 | D:7      | Found a white marble altar of Elyvilon.
  5707 | D:7      | XOM: cloud trail
  5817 | D:7      | Reached skill level 5 in Armour
  5917 | D:7      | Reached skill level 8 in Axes
  6077 | D:7      | Noticed Dowan
  6079 | D:7      | Noticed Duvessa
  6092 | D:7      | Killed Dowan
  6093 | D:7      | Killed Duvessa
  6112 | D:7      | XOM: give mutations
  6112 | D:7      | Gained mutation: Your body sometimes deteriorates upon taking damage. [Xom's mischief]
  6112 | D:7      | Lost mutation: You are robust. (+10% HP) [Xom's mischief]
  6112 | D:7      | Gained mutation: Your body often deteriorates upon taking damage. [Xom's mischief]
  6376 | D:7      | Found a faded altar of an unknown god.
  6376 | D:7      | Found a faded altar of an unknown god.
  6382 | D:7      | Found a faded altar of an unknown god.
  6388 | D:7      | Found a shadowy altar of Dithmenos.
  6390 | D:7      | Found a faded altar of an unknown god.
  6446 | D:7      | XOM: scenery: create altars
  6543 | D:8      | XOM: harmless Fire miscast
  6694 | D:8      | XOM: confuse monster(s)
  6695 | D:8      | Noticed a hippogriff
  6705 | D:8      | Killed a hippogriff
  6740 | D:8      | XOM: god gift: lamp of fire
  6761 | D:8      | XOM: smoke on damage
  6910 | D:8      | Reached XP level 10. HP: 77/77 MP: 10/10
  6915 | D:8      | Reached skill level 9 in Axes
  7176 | D:8      | Found a deep blue altar of Sif Muna.
  7179 | D:8      | Found an ancient bone altar of Kikubaaqudgha.
  7182 | D:8      | Found a glowing golden altar of the Shining One.
  7440 | D:9      | Found a snail-covered altar of Cheibriados.
  7538 | D:9      | XOM: potion effect (agility)
  7615 | D:9      | Found a staircase to the Lair.
  7694 | D:9      | XOM: summons 2 friendly demons
  7695 | D:9      | XOM: cast spell 'Hydra Form'
  7731 | D:9      | XOM: harmless Hex miscast
  7984 | D:9      | Noticed Joseph
  7988 | D:9      | XOM: potion effect (invisibility)
  7992 | D:9      | XOM: enchant monster (good)
  7999 | D:9      | Killed Joseph
  7999 | D:9      | Reached skill level 1 in Unarmed Combat
  8126 | D:10     | Entered Level 10 of the Dungeon
  8126 | D:10     | Noticed Erica
  8141 | D:10     | Killed Erica
  8141 | D:10     | Reached skill level 10 in Axes
  8143 | D:10     | XOM: enchant monster (good)
  8152 | D:10     | Noticed Josephine
  8158 | D:10     | Noticed Snorg
  8162 | D:10     | Snorg changed into Snorg the queen bee
  8162 | D:10     | XOM: polymorph Snorg -> Snorg the queen bee
  8162 | D:10     | Noticed Snorg
  8162 | D:10     | Snorg the queen bee changed into Snorg the yaktaur
  8177 | D:10     | HP: 3/79 [Josephine/ghostly fireball (13)]
  8180 | D:10     | Killed from afar by Josephine

Skill      XL: |  1  2  3  4  5  6  7  8  9 10 |
---------------+-------------------------------+-----
Shields        | 4 5 6 7 8 |  8.6
Axes           | 3 4 5 7 8 10 | 10.2
Dodging        | 1 2 3 |  3.4
Fighting       | 4 5 6 7 |  7.1
Armour         | 4 5 6 |  6.4
Stealth        | 1 3 |  3.9
Unarmed Combat | 1 |  1.0

Action                   |  1- 3 |  4- 6 |  7- 9 | 10-12 || total
-------------------------+-------+-------+-------+-------++-------
Melee: War axe           |   145 |   213 |   380 |   180 ||   918
       Kick              |       |    27 |   108 |    64 ||   199
       Unarmed           |       |       |       |     9 ||     9
  Use: Scroll            |     5 |     1 |     4 |     5 ||    15
       Potion            |       |       |     3 |     2 ||     5
 Stab: Paralysed         |       |       |       |     6 ||     6
       Petrifying        |       |       |       |     1 ||     1
  Eat: Bread ration      |     1 |     1 |     3 |     1 ||     6
       Chunk             |       |     2 |       |       ||     2
Armor: Scale mail        |    48 |       |       |       ||    48
       Chain mail        |    50 |    93 |   158 |    60 ||   361
       Skin              |       |       |       |     2 ||     2
Dodge: Dodged            |    43 |    45 |   107 |    50 ||   245
Block: Shield            |    82 |   119 |   236 |   110 ||   547
